 Dungeon Crawl Stone Soup version 0.20-a0-303-g575bbf7 (webtiles) character file.

21965 Gorice the Nimble (level 13, -1/86 HPs)
             Began as a Kobold Arcane Marksman on Dec 17, 2016.
             Was a High Priest of Okawaru.
             Slain by a slime creature (16 damage)
             ... on level 12 of the Dungeon.
             The game lasted 01:47:10 (20799 turns).

Gorice the Nimble (Kobold Arcane Marksman)         Turns: 20799, Time: 01:47:11

Health: -1/86      AC: 14    Str: 18    XL:     13   Next: 23%
Magic:  19/26      EV: 26    Int: 19    God:    Okawaru [*****.]
Gold:   317        SH:  7    Dex: 14    Spells: 10/18 levels left

rFire  . . .     SeeInvis +     b - +1 hand crossbow
rCold  . . .     Gourm    .     w - +1 ring mail of the Sky {*Contam Int+5}
rNeg   + . .     Faith    .     i - +1 buckler {AC+3}
rPois  +         Spirit   .     y - +1 helmet
rElec  .         Reflect  .     (no cloak)
rCorr  .         Harm     .     (no gloves)
MR     .....                    z - +0 pair of boots
Stlth  ++........               U - amulet of regeneration
                                W - ring of the Many Places {rPois rN+ MP+9 SInv}
                                M - +4 ring of strength

@: heroism
A: carnivore 3
a: Heroism, Finesse, Renounce Religion


You were on level 12 of the Dungeon.
You worshipped Okawaru.
Okawaru was extremely pleased with you.
You were very full.

You visited 3 branches of the dungeon, and saw 14 of its levels.

You collected 713 gold pieces.
You spent 396 gold pieces at shops.

Inventory:

Hand Weapons
 a - a +4 scimitar of flaming
   (You took it off Erica on level 8 of the Dungeon)
 b - a +1 hand crossbow (weapon)
 F - a +0 blowgun
Missiles
 d - 9 bolts (quivered)
 h - 3 curare-tipped needles
 t - 9 tomahawks
 P - 5 silver tomahawks
Armour
 i - a +1 buckler of protection (worn)
   (Okawaru gifted it to you on level 11 of the Dungeon)
 w - the +1 ring mail of the Sky (worn) {*Contam Int+5}
   (You found it on level 4 of the Dungeon)

   It affects your intelligence (+5).
   It causes magical contamination when unequipped.
 y - a +1 helmet (worn)
 z - a +0 pair of boots (worn)
 H - the +1 leather armour of the Thirsty Curses {rC++ Dex-2, unknown}
   (You found it on level 11 of the Dungeon)

   It affects your dexterity (-2).
   It greatly protects you from cold.
Jewellery
 k - an uncursed ring of positive energy
 I - an uncursed ring of ice
 M - a +4 ring of strength (left hand)
 N - an uncursed ring of protection from fire
 U - an amulet of regeneration (around neck)
 W - the ring of the Many Places (right hand) {rPois rN+ MP+9 SInv}
   (You bought it in a shop on level 12 of the Dungeon)

   [ring of magical power]

   It protects you from poison.
   It protects you from negative energy.
   It affects your magic capacity (+9).
   It lets you see invisible.
Wands
 e - a wand of lightning (3/15)
 j - a wand of lightning (9/15)
 n - a wand of flame (35/48)
 s - a wand of paralysis (9/24)
 G - a wand of random effects (19/48)
 T - a wand of enslavement (21/24)
 V - a wand of iceblast (7/15)
Scrolls
 c - a scroll of recharging
 g - a scroll of teleportation {!r}
 o - 7 scrolls of remove curse
 D - a scroll of vulnerability {unknown}
 J - a scroll of enchant weapon
 K - a scroll of fog
 L - a scroll of fear {!r}
Potions
 l - a potion of ambrosia
 p - a potion of agility {unknown}
 q - 3 potions of berserk rage
 r - a potion of heal wounds {!q}
 u - a potion of invisibility {!q}
 v - 2 potions of might {!q}
 x - 2 potions of brilliance {!q}
 A - a potion of flight {unknown}
 B - a potion of magic {!q}
 C - 5 potions of curing
 E - a potion of cancellation {!q}
 Q - 3 potions of lignification {!q}
Books
 S - a book of Beasts
Comestibles
 f - 10 meat rations {!e}
 m - 2 beef jerkies
 R - a slice of pizza


   Skills:
 + Level 12.2(17.2) Fighting
 - Level 10.0(15.0) Crossbows
 - Level 4.1(9.1) Armour
 + Level 13.4(18.4) Dodging
 - Level 3.0 Spellcasting
 - Level 10.0 Hexes
 - Level 2.1 Invocations


You had 10 spell levels left.
You knew the following spells:

 Your Spells              Type           Power        Failure   Level  Hunger
a - Corona                Hex            #####..      1%          1    None
b - Slow                  Hex            #####...     1%          2    ##.....
c - Cause Fear            Hex            #####.....   4%          4    ####...
B - Summon Butterflies    Summ           #.......     28%         1    None


Dungeon Overview and Level Annotations

Branches:
Dungeon (12/15)            Temple (1/1) D:5            Lair (1/6) D:10
    Orc (0/2) D:12

Altars:
Ashenzari
Cheibriados
Dithmenos
Elyvilon
Fedhas
Gozag
Hepliaklqana
Kikubaaqudgha
Makhleb
Nemelex Xobeh
Okawaru
Qazlal
Ru
Sif Muna
Trog
Uskayaw
Vehumet
Xom
Yredelemnul
Zin
The Shining One

Shops:
D:7 %   D:12 =

Annotations:
D:8 Gorice's ghost, novice DsNe
D:9 vvpUX: Erolcha!, Erolcha
Lair:1 Fer fucking get it!!!!!!!!!!!!!!!!!!!!!!!!!!!!!!!!!!!


Innate Abilities, Weirdness & Mutations

You are small and have problems with some larger weapons.
You are carnivorous and can eat meat at any time.


Message History

* * * LOW HITPOINT WARNING * * *
The hippogriff barely misses you.
Damage: 7 (max 34)
You gain the combat prowess of a mighty hero.
The hippogriff barely misses you. The hippogriff pecks you!
* * * LOW HITPOINT WARNING * * *
The hippogriff completely misses you.
Damage: 6 (max 34) Unknown command.
Casting: Slow
Confirm with . or Enter, or press ? or * to list all spells.
Aiming: Slow
Press: ? - help, Shift-Dir - straight line, f/p - hippogriff
Aim: a hippogriff (moderately wounded, chance to defeat MR: 73%)
The hippogriff seems to slow down.
The hippogriff completely misses you.
You riposte.
You hit the hippogriff. You burn the hippogriff.
The hippogriff is heavily wounded.
You block the hippogriff's attack. The hippogriff barely misses you.
Your +4 scimitar of flaming stops flaming.
b - a +1 hand crossbow (weapon)
Firing (i - inventory. (,) - cycle):
d - 12 bolts (quivered)
Press: ? - help, Shift-Dir - straight line, f - slime creature, p - hippogriff
Aim: a slime creature (severely wounded)
You shoot a bolt. The bolt hits the hippogriff!
The hippogriff is almost dead.
The hippogriff bites you.
* * * LOW HITPOINT WARNING * * *
The hippogriff closely misses you. You block the hippogriff's attack.
Damage: 4 (max 34) Firing (i - inventory. (,) - cycle):
d - 11 bolts (quivered)
Press: ? - help, Shift-Dir - straight line, f - hippogriff
Aim: a hippogriff (almost dead, slow)
You shoot a bolt.
The bolt hits the hippogriff but does no damage.
The hippogriff is almost dead.
The hippogriff closely misses you. The hippogriff completely misses you.
The hippogriff barely misses you.
Firing (i - inventory. (,) - cycle):
d - 10 bolts (quivered)
Press: ? - help, Shift-Dir - straight line, f - slime creature, p - hippogriff
Aim: a slime creature (severely wounded)
You shoot a bolt. The bolt hits the hippogriff.
You kill the hippogriff!
Okawaru accepts your kill.
Casting: Slow
Confirm with . or Enter, or press ? or * to list all spells.
Aiming: Slow
Press: ? - help, Shift-Dir - straight line, f/p - slime creature
Aim: a slime creature (severely wounded, chance to defeat MR: 61%)
The slime creature seems to slow down.
The slime creature hits you!
You die...

#.......∩....# #.....#
#............# #.....#
#.......(....# ###.....#
###............# #........ ######
#..........(...###........
.....###...................(((.J.
.................J.....(((.(.....
###'##.......##J#################
.....'.......#..@................
.#####.......#...................
.#...........#...................
.#......................####'###.
.#......................# .....#.
##......................#......#.
......)......#..........#......#.
........................#..[...#.
.....(..................########.


You could see a slime creature.

Vanquished Creatures
  Gastronok (Lair:1)
  A hydra (Lair:1)
  Erica (D:8)
  3 two-headed ogres
  A tengu warrior (D:12)
  An unseen horror (D:12)
  Pikel (D:8)
  A deep elf mage (D:12)
  2 ugly things
  A manticore (D:12)
  An elephant (Lair:1)
  Psyche (D:9)
  A spiny frog (D:10)
  A tengu conjurer (D:12)
  A troll (D:12)
  3 hippogriffs
  3 slime creatures
  A shadow (D:11)
  2 wraiths
  A wyvern (D:10)
  A vampire (D:12)
  15 yaks
  A steam dragon (D:7)
  A basilisk (Lair:1)
  2 hungry ghosts
  2 soldier ants (D:10)
  5 water moccasins
  3 ice beasts
  A phantom (D:11)
  4 porcupines
  10 orc warriors
  2 sky beasts
  A black bear (D:9)
  2 necrophages (D:11)
  5 ogres
  4 centaurs
  A crocodile (Lair:1)
  3 big kobolds
  6 bullfrogs
  2 water moccasin zombies
  A water moccasin skeleton (D:6)
  A scorpion (D:8)
  5 killer bees (D:7)
  18 wights
  6 howler monkeys
  3 crimson imps
  7 electric eels (Lair:1)
  6 hounds
  6 orc priests
  15 orc wizards
  A bullfrog zombie (D:5)
  A jelly (D:7)
  A bullfrog skeleton (D:8)
  5 centaur skeletons
  An iguana (D:4)
  9 worker ants
  A hound skeleton (D:10)
  A howler monkey zombie (D:8)
  Robin (D:3)
  2 worker ant zombies (D:11)
  16 adders
  6 gnolls (D:5)
  A howler monkey skeleton (D:7)
  An adder skeleton (D:8)
  2 worms
  2 dart slugs
  5 leopard geckos
  48 orcs
  9 bats
  2 giant cockroaches
  13 goblins
  9 hobgoblins
  9 jackals
  2 quokkas
  6 frilled lizards
  A jackal skeleton (D:5)
  13 kobolds
  A leopard gecko zombie (D:5)
  A quokka zombie (D:5)
  13 rats
350 creatures vanquished.

Vanquished Creatures (others)
  2 slaves (D:9)
  A fungus (Lair:1)
  10 plants
13 creatures vanquished.

Grand Total: 363 creatures vanquished

Notes
Turn   | Place    | Note
-------+----------+-------------------------------------------
     0 | D:1      | Gorice the Kobold Arcane Marksman began the quest for the Orb.
     0 | D:1      | Reached XP level 1. HP: 12/12 MP: 2/2
   130 | D:1      | Reached XP level 2. HP: 16/16 MP: 1/3
   292 | D:1      | Reached skill level 3 in Crossbows
   468 | D:1      | Reached XP level 3. HP: 14/20 MP: 2/4
   802 | D:2      | Learned a level 2 spell: Slow
  1283 | D:2      | Reached XP level 4. HP: 24/25 MP: 3/5
  1634 | D:3      | Reached skill level 4 in Crossbows
  1634 | D:3      | Reached skill level 4 in Hexes
  1803 | D:3      | Noticed Robin
  1815 | D:3      | Killed Robin
  1930 | D:3      | Reached XP level 5. HP: 22/29 MP: 4/6
  2206 | D:3      | Found a sacrificial altar of Ru.
  2884 | D:4      | Reached skill level 5 in Crossbows
  2884 | D:4      | Reached XP level 6. HP: 30/34 MP: 5/7
  3090 | D:4      | Noticed an ogre
  3126 | D:3      | Killed an ogre
  3126 | D:3      | Reached skill level 5 in Hexes
  3430 | D:4      | Got a shimmering ring mail
  3441 | D:4      | Identified the +1 ring mail of the Sky {*Contam Int+5} (You found it on level 4 of the Dungeon)
  3788 | D:4      | Reached XP level 7. HP: 38/38 MP: 4/8
  3859 | D:4      | Reached skill level 6 in Crossbows
  3897 | D:5      | Entered Level 5 of the Dungeon
  4158 | D:5      | Reached skill level 6 in Hexes
  4293 | D:5      | Reached skill level 7 in Crossbows
  4815 | D:5      | Found a staircase to the Ecumenical Temple.
  4824 | Temple   | Entered the Ecumenical Temple
  5130 | Temple   | Became a worshipper of Warmaster Okawaru
  5188 | D:5      | Reached XP level 8. HP: 41/43 MP: 5/9
  5743 | D:6      | Reached skill level 7 in Hexes
  5925 | D:6      | Reached skill level 8 in Crossbows
  6564 | D:6      | Learned a level 4 spell: Cause Fear
  6712 | D:6      | Reached skill level 9 in Crossbows
  7566 | D:6      | Reached skill level 8 in Hexes
  7566 | D:6      | Reached XP level 9. HP: 36/47 MP: 6/10
  8064 | D:7      | Reached * piety under Okawaru
  8358 | D:7      | Reached skill level 10 in Crossbows
  8408 | D:7      | Found Rojy's Food Shop.
  8679 | D:8      | Found a shimmering altar of Xom.
  8679 | D:8      | Noticed Erica
  9142 | D:8      | Reached skill level 9 in Hexes
  9382 | D:8      | Noticed a two-headed ogre
  9613 | D:8      | Killed a two-headed ogre
  9613 | D:8      | Reached skill level 2 in Armour
  9690 | D:8      | Reached skill level 3 in Armour
  9690 | D:8      | Reached XP level 10. HP: 52/52 MP: 9/11
  9806 | D:8      | Reached ** piety under Okawaru
  9987 | D:7      | Reached skill level 10 in Hexes
 10082 | D:7      | Reached skill level 4 in Armour
 10082 | D:7      | Reached skill level 1 in Invocations
 10411 | D:7      | Reached skill level 2 in Invocations
 10635 | D:8      | Reached skill level 2 in Fighting
 10635 | D:8      | Reached skill level 3 in Dodging
 10658 | D:8      | Noticed Gorice's ghost (novice DsNe)
 10810 | D:7      | Reached skill level 2 in Spellcasting
 11109 | D:9      | Noticed Psyche
 11166 | D:9      | Noticed Erolcha
 11206 | D:9      | Found a shadowy altar of Dithmenos.
 11213 | D:9      | Noticed Pikel
 11235 | D:8      | Killed Pikel
 11235 | D:8      | Reached skill level 3 in Fighting
 11235 | D:8      | Reached skill level 4 in Dodging
 11323 | D:9      | Reached skill level 3 in Spellcasting
 11413 | D:9      | HP: 9/56 [Psyche/puff of flame (13)]
 11895 | D:8      | Noticed a two-headed ogre
 11972 | D:8      | Killed a two-headed ogre
 11972 | D:8      | Reached *** piety under Okawaru
 11972 | D:8      | Reached skill level 4 in Fighting
 11972 | D:8      | Reached skill level 5 in Dodging
 12230 | D:8      | Killed Erica
 12230 | D:8      | Received a gift from Okawaru
 12230 | D:8      | Reached **** piety under Okawaru
 12230 | D:8      | Reached skill level 5 in Fighting
 12230 | D:8      | Reached skill level 6 in Dodging
 12230 | D:8      | Reached XP level 11. HP: 47/64 MP: 7/15
 12422 | D:9      | Reached skill level 7 in Dodging
 12494 | D:9      | Received a gift from Okawaru
 12557 | D:9      | Killed Psyche
 12557 | D:9      | Reached skill level 6 in Fighting
 13266 | D:10     | Entered Level 10 of the Dungeon
 13493 | D:10     | Reached skill level 8 in Dodging
 13545 | D:10     | Found a staircase to the Lair.
 13644 | D:10     | Reached skill level 7 in Fighting
 13792 | D:10     | Received a gift from Okawaru
 14158 | D:10     | Reached skill level 9 in Dodging
 14331 | D:10     | Reached ***** piety under Okawaru
 14331 | D:10     | Reached skill level 8 in Fighting
 14642 | Lair:1   | Entered Level 1 of the Lair of Beasts
 15032 | D:10     | Reached skill level 10 in Dodging
 15579 | Lair:1   | Noticed a seven-headed hydra
 15601 | Lair:1   | HP: 17/69 [three-headed hydra (13)]
 15609 | Lair:1   | Killed a one-headed hydra
 15609 | Lair:1   | Reached skill level 9 in Fighting
 15609 | Lair:1   | Reached XP level 12. HP: 39/76 MP: 7/16
 16095 | Lair:1   | Noticed Gastronok
 16128 | Lair:1   | Killed Gastronok
 16128 | Lair:1   | Reached skill level 11 in Dodging
 16938 | Lair:1   | Reached skill level 10 in Fighting
 17136 | Lair:1   | Received a gift from Okawaru
 18134 | D:11     | Got a smoking leather armour
 18214 | D:11     | Received a gift from Okawaru
 18594 | D:11     | Received a gift from Okawaru
 18795 | D:12     | Reached skill level 12 in Dodging
 18919 | D:12     | HP: 19/79 [orc priest/divine providence (11)]
 19332 | D:11     | Reached skill level 11 in Fighting
 19573 | D:12     | Learned a level 1 spell: Summon Butterflies
 19670 | D:12     | Found a staircase to the Orcish Mines.
 19748 | D:12     | Noticed a tengu warrior
 19799 | D:12     | Killed a tengu warrior
 19966 | D:12     | Noticed a two-headed ogre
 19988 | D:12     | Killed a two-headed ogre
 20023 | D:12     | Reached XP level 13. HP: 84/84 MP: 13/17
 20153 | D:12     | Reached skill level 13 in Dodging
 20443 | D:10     | Reached skill level 12 in Fighting
 20643 | D:12     | Found Nasodo's Jewellery Emporium.
 20651 | D:12     | Bought the ring of the Many Places {rPois rN+ MP+9 SInv} for 396 gold pieces
 20792 | D:12     | HP: 24/86 [hippogriff (6)]
 20799 | D:12     | Slain by a slime creature

Vault maps used:
D:1:      denvon_arrival_planthouse, minmay_tromino_i2
D:3:      first_bread, nicolae_ru_great_annihilating_truth, uniq_robin
D:7:      serial_shops, kennysheep_mini_moat
D:8:      blue_anna_alchemist, xom_teletrap_fun, uniq_erica
D:9:      nicolae_dithmenos_shadow_blocks, uniq_pikel, uniq_psyche, uniq_erolcha
D:10:     grunt_lair_entry_orc_guard_hut, serial_bayou_ford_a
D:11:     serial_undead, serial_undead_c, serial_undead_b, serial_undead_c,
          serial_undead_b
D:12:     david_orc_4, serial_shops, shop
Temple:   regret_index_temple_sigil_plot
Lair:1:   serial_bayou_lake_a, serial_bayou_shore_a, uniq_gastronok

Skill      XL: |  1  2  3  4  5  6  7  8  9 10 11 12 13 |
---------------+----------------------------------------+-----
Crossbows      | 3 4 5 7 9 10 | 10.0
Hexes          | 4 5 6 8 9 10 | 10.0
Armour         | 3 4 |  4.1
Invocations    | 2 |  2.1
Fighting       | 5 9 11 12 | 12.2
Dodging        | 6 10 12 13 | 13.4
Spellcasting   | 3 |  3.0

Action                   |  1- 3 |  4- 6 |  7- 9 | 10-12 | 13-15 || total
-------------------------+-------+-------+-------+-------+-------++-------
Melee: War axe           |       |    14 |     3 |       |       ||    17
       Scimitar          |       |       |    61 |   115 |    33 ||   209
 Fire: Hand crossbow     |    76 |   130 |   223 |   686 |   101 ||  1216
Throw: Tomahawk          |       |       |     2 |     1 |       ||     3
 Cast: Corona            |    21 |    38 |    85 |   185 |    32 ||   361
       Slow              |       |    11 |    63 |   189 |    20 ||   283
       Cause Fear        |       |       |       |     2 |       ||     2
Invok: Heroism           |       |       |     2 |    15 |     1 ||    18
Evoke: Wand              |       |       |       |     3 |       ||     3
  Use: Scroll            |     4 |     6 |     9 |     9 |       ||    28
       Potion            |       |       |       |     5 |       ||     5
  Eat: Chunk             |    10 |     9 |    27 |    44 |     3 ||    93
Armor: Robe              |     4 |    20 |       |       |       ||    24
       Ring mail         |       |     1 |    40 |   104 |    31 ||   176
Dodge: Dodged            |    36 |    64 |   126 |   416 |   114 ||   756
Block: Buckler           |       |       |       |    31 |    23 ||    54
       Rpst.: Scimitar   |       |       |    16 |    30 |     6 ||    52

Table legend:
 A = Turns spent in this place as a percentage of turns spent in the entire game.
 B = Non-inter-level travel turns spent in this place as a percentage of non-inter-level travel turns spent in the entire game.
 C = Inter-level travel turns spent in this place as a percentage of turns spent in this place.
 D = Turns resting spent in this place as a percentage of non-inter-level travel turns spent in this place.
 E = Turns spent auto-exploring this place as a percentage of non-inter-level travel turns spent in this place.
 F = Non-inter-level travel turns spent in this place divided by the number of levels of this place that you've seen.
                   A       B       C       D       E      F
               +-------+-------+-------+-------+-------+----------------------
         Total | 100.0 | 100.0 |   0.5 |   2.5 |   3.9 | 567.5
       Dungeon |  90.1 |  90.0 |   0.5 |   2.2 |   3.7 | 596.2
        Temple |   0.3 |   0.3 |   7.7 |   0.0 |  79.2 |  24.0
          Lair |   9.6 |   9.7 |   0.0 |   4.8 |   3.8 | 767.0
               +-------+-------+-------+-------+-------+----------------------

Vault maps used:
D:1:      denvon_arrival_planthouse, minmay_tromino_i2
D:3:      first_bread, nicolae_ru_great_annihilating_truth, uniq_robin
D:7:      serial_shops, kennysheep_mini_moat
D:8:      blue_anna_alchemist, xom_teletrap_fun, uniq_erica
D:9:      nicolae_dithmenos_shadow_blocks, uniq_pikel, uniq_psyche, uniq_erolcha
D:10:     grunt_lair_entry_orc_guard_hut, serial_bayou_ford_a
D:11:     serial_undead, serial_undead_c, serial_undead_b, serial_undead_c,
          serial_undead_b
D:12:     david_orc_4, serial_shops, shop
Temple:   regret_index_temple_sigil_plot
Lair:1:   serial_bayou_lake_a, serial_bayou_shore_a, uniq_gastronok
